 Dungeon Crawl Stone Soup version 0.26.1 (webtiles) character file.

Game seed: 17883773272327117017

5749 McKennaii the Thaumaturge (level 10, -3/51 HPs)
             Began as a Deep Elf Fire Elementalist on Feb 7, 2021.
             Was a Believer of Vehumet.
             Slain by a yak (5 damage)
             ... on level 7 of the Dungeon.
             The game lasted 00:39:35 (12755 turns).

McKennaii the Thaumaturge (DEFE)                   Turns: 12755, Time: 00:39:36

Health: -3/51      AC:  9    Str:  5    XL:     10   Next: 49%
Magic:  24/29      EV: 13    Int: 24    God:    Vehumet [**....]
Gold:   461        SH:  0    Dex: 15    Spells: 24/35 levels left

rFire    . . .     SeeInvis .   t - +2 dagger (elec)
rCold    + . .     Faith    .   (no shield)
rNeg     . . .     Spirit   .   B - +1 leather armour of Vaciza Lipu {rC+}
rPois    .         Reflect  .   l - +0 helmet
rElec    .         Harm     .   (no cloak)
rCorr    .         Rampage  .   y - +0 pair of gloves
Will     +....                  p - +2 pair of boots
Stlth    ++........             (no amulet)
HPRegen  0.17/turn              (no ring)
MPRegen  0.21/turn              (no ring)

@: no status effects
A: no striking features
a: Renounce Religion


You were on level 7 of the Dungeon.
You worshipped Vehumet.
Vehumet was pleased with you.
You visited 2 branches of the dungeon, and saw 10 of its levels.

You collected 461 gold pieces.

Inventory:

Hand Weapons
 t - a +2 dagger of electrocution (weapon)
 v - a +0 rapier of draining
 w - a +0 shortbow
Missiles
 F - 44 arrows
Armour
 a - a +0 robe
 l - a +0 helmet (worn)
 p - a +2 pair of boots (worn)
 y - a +0 pair of gloves (worn)
 B - the +1 leather armour of Vaciza Lipu (worn) {rC+}
   (You found it on level 6 of the Dungeon)

   It protects you from cold.
Wands
 d - a wand of random effects (3)
 A - a wand of enslavement (10)
Scrolls
 b - 6 scrolls of remove curse
 e - 3 scrolls of amnesia
 o - 2 scrolls of identify
 r - a scroll of magic mapping {unknown}
 s - 6 scrolls of enchant weapon {unknown}
 u - 3 scrolls of immolation {unknown}
 z - 2 scrolls of noise {unknown}
 C - 2 scrolls of random uselessness
 D - a scroll of fear {unknown}
 G - a scroll of torment {unknown}
 H - a scroll of holy word {unknown}
Potions
 c - a potion of degeneration
 f - a potion of brilliance {unknown}
 g - a potion of heal wounds {unknown}
 h - 2 potions of haste
 i - 5 potions of attraction
 j - 2 potions of flight {unknown}
 k - a potion of lignification
 m - 3 potions of might {unknown}
 n - a potion of magic {unknown}
 q - 2 potions of invisibility {unknown}
 x - a potion of resistance
 E - a potion of mutation {unknown}


   Skills:
 + Level 0.9 Fighting
 + Level 2.3 Armour
 + Level 4.2 Dodging
 + Level 4.1 Stealth
 * Level 13.3 Spellcasting
 * Level 8.2 Conjurations
 + Level 9.0 Fire Magic


You had 24 spell levels left.
You knew the following spells:

 Your Spells              Type           Power        Failure   Level
a - Foxfire               Conj/Fire      100%         1%          1
b - Conjure Flame         Conj/Fire      55%          1%          3
c - Fireball              Conj/Fire      27%          4%          5
d - Blink                 Tloc           N/A          9%          2

Your spell library contained the following spells:

 Spells                   Type           Power        Failure   Level
 Shock                    Conj/Air       100%         1%          1
 Magic Dart               Conj           100%         1%          1
 Sticky Flame             Conj/Fire      55%          1%          4
 Inner Flame              Hex/Fire       37%          2%          3
 Mephitic Cloud           Conj/Pois/Air  29%          6%          3
 Call Imp                 Summ           16%          9%          2
 Slow                     Hex            16%          9%          2


Dungeon Overview and Level Annotations

Branches:
Dungeon (9/15)             Temple (1/1) D:5
   Lair: D:8-11         Orc: D:9-12

Altars:
Ashenzari
Dithmenos
Elyvilon
Fedhas
Gozag
Hepliaklqana
Kikubaaqudgha
Makhleb
Nemelex Xobeh
Okawaru
Qazlal
Ru
Sif Muna
Trog
Uskayaw
Vehumet
Wu Jian
Xom
Yredelemnul
Zin
The Shining One

Shops:
D:5 *


Message History

The foxfire hits the yak.
The yak is almost dead.
Casting: Foxfire (safe; 1% risk of failure)
Confirm with . or Enter, or press ? or * to list all spells.
You conjure some foxfire!
The yak gores you!
* * * LOW HITPOINT WARNING * * *
Your foxfire dissipates!
The foxfire hits the yak.
The yak is almost dead.
Casting: Foxfire (safe; 1% risk of failure)
Confirm with . or Enter, or press ? or * to list all spells.
You conjure some foxfire!
The yak gores you but does no damage.
The foxfire hits the yak but does no damage.
The yak is almost dead.
The foxfire hits the yak but does no damage.
The yak is almost dead.
Casting: Foxfire (safe; 1% risk of failure)
Confirm with . or Enter, or press ? or * to list all spells.
You conjure some foxfire!
The yak gores you.
You die...

...# #..#.#.#[#.#
####(.......
##.###[.##....#.#
#...........
##.††.†.....#.#.#
#.####.####.
.#####.[###...#.#
#.##.....##.
........##.....>#
#.#.......#.
.######.#.......##
#.#.......#. ##
#..........# #....._..... #
#........vY# #.#.......#. #
##........@#####.#.......#.
#
##........v.....##.....##.
# ##.....#######.####.####.
###########....#####
#....(......
...................#
##.#.#####.#
#######.###....###.#
#.........# # ##.####.#.#
#.# #########.#
######...###.#.# #.# #.#
..#....#.......###.## #.#


You could see a yak.

Vanquished Creatures
  Harold (D:9)
  Pikel (D:4)
  A troll (D:7)
  A hornet (D:8)
  2 yaks
  A water moccasin (D:7)
  An orc warrior (D:6)
  A sky beast (D:7)
  2 black bears
  2 ice beasts
  A phantom (D:8)
  3 ogres
  A necrophage (D:8)
  3 centaurs
  2 lemures (D:4)
  A big kobold (D:8)
  6 bullfrogs
  A wyvern zombie (D:5)
  2 water moccasin skeletons
  3 killer bees (D:7)
  4 howler monkeys
  2 bullfrog zombies (D:5)
  A quasit (D:7)
  2 jellies
  7 orc priests
  10 hounds
  9 orc wizards
  A bullfrog skeleton (D:8)
  3 centaur skeletons
  3 iguanas
  10 worker ants
  A hound skeleton (D:5)
  Robin (D:4)
  4 gnolls (D:6)
  10 adders
  3 white imps
  An ufetubus (D:7)
  An adder skeleton (D:5)
  4 worms
  5 leopard geckos
  39 orcs
  15 giant cockroaches
  13 goblins
  8 hobgoblins
  5 jackals
  7 kobolds
  5 quokkas
  6 bats
  8 frilled lizards
  A quokka skeleton (D:5)
  9 rats
234 creatures vanquished.

Vanquished Creatures (others)
  An orc wizard (D:5)
  1027 foxfires
  17 fungi (D:4)
1045 creatures vanquished.

Grand Total: 1279 creatures vanquished

Notes
Turn   | Place    | Note
-------+----------+-------------------------------------------
     0 | D:1      | McKennaii the Deep Elf Fire Elementalist began the quest
                  | for the Orb.
     0 | D:1      | Reached XP level 1. HP: 10/10 MP: 6/6
   155 | D:1      | Reached XP level 2. HP: 15/15 MP: 5/8
  1062 | D:2      | Reached XP level 3. HP: 19/19 MP: 7/10
  1668 | D:2      | Found a white marble altar of Elyvilon.
  1678 | D:2      | Reached skill level 4 in Spellcasting
  1741 | D:2      | Reached XP level 4. HP: 24/24 MP: 4/12
  1809 | D:2      | Found a burning altar of Makhleb.
  2495 | D:3      | Learned a level 3 spell: Conjure Flame
  2505 | D:3      | Reached skill level 5 in Fire Magic
  2505 | D:3      | Reached XP level 5. HP: 28/28 MP: 7/13
  2513 | D:3      | Reached skill level 5 in Spellcasting
  3245 | D:4      | Reached XP level 6. HP: 32/32 MP: 12/16
  3250 | D:4      | Reached skill level 6 in Spellcasting
  3717 | D:4      | Reached skill level 7 in Spellcasting
  3801 | D:4      | Noticed Robin
  3822 | D:4      | Killed Robin
  3933 | D:4      | Noticed Pikel
  3942 | D:4      | Killed Pikel
  3943 | D:4      | Reached skill level 8 in Spellcasting
  3943 | D:4      | Reached XP level 7. HP: 23/36 MP: 4/20
  4647 | D:5      | Entered Level 5 of the Dungeon
  4711 | D:5      | Reached XP level 8. HP: 41/41 MP: 17/22
  4828 | D:5      | Found a staircase to the Ecumenical Temple.
  4863 | Temple   | Entered the Ecumenical Temple
  4890 | Temple   | Became a worshipper of Vehumet
  5231 | D:5      | Reached skill level 9 in Spellcasting
  5287 | D:5      | Found Gozag's Platinum Reserve.
  5898 | D:5      | Learned a level 5 spell: Fireball
  6175 | D:5      | Found an opulent altar of Gozag.
  6306 | D:5      | Reached skill level 10 in Spellcasting
  6786 | D:6      | Found a shimmering altar of Xom.
  6943 | D:6      | Got an encrusted leather armour
  7001 | D:6      | Got a scorched leather armour
  7012 | D:6      | Identified the +1 leather armour of Vaciza Lipu {rC+} (You
                  | found it on level 6 of the Dungeon)
  7022 | D:6      | Identified the +0 leather armour of the Salmon {Regen+}
                  | (You found it on level 6 of the Dungeon)
  7170 | D:6      | Reached skill level 5 in Conjurations
  7743 | D:7      | Reached XP level 9. HP: 46/46 MP: 19/25
  7818 | D:7      | Reached skill level 11 in Spellcasting
  7897 | D:7      | Reached * piety under Vehumet
  7897 | D:7      | Offered knowledge of Freeze by Vehumet.
  8087 | D:7      | Found a stormy altar of Qazlal.
  8546 | D:7      | Noticed a troll
  9072 | D:7      | Killed a troll
  9272 | D:6      | Learned a level 2 spell: Blink
  9328 | D:6      | Reached skill level 1 in Armour
 10181 | D:8      | Reached skill level 12 in Spellcasting
 10541 | D:8      | Found an ornate altar of the Wu Jian Council.
 10746 | D:8      | Offered knowledge of Shock by Vehumet.
 10747 | D:8      | Reached XP level 10. HP: 51/51 MP: 20/28
 10924 | D:8      | Reached ** piety under Vehumet
 11300 | D:8      | Found a broken altar of Ashenzari.
 11443 | D:9      | Found a hazy altar of Hepliaklqana.
 11558 | D:9      | Noticed Harold
 11979 | D:9      | Killed Harold
 11980 | D:9      | Reached skill level 13 in Spellcasting
 12316 | D:7      | HP: 2/48 [yak (7)]
 12751 | D:7      | HP: 1/51 [yak (9)]
 12755 | D:7      | Slain by a yak

Illustrated notes

Levels and vault maps discovered:
D:1:      elethiomel_arrival_shortcut, layout_basic, minmay_hexomino_c4
D:2:      layout_loops_ring, elyvilon_altar_5, makhleb_blood_cavern_becter
D:3:      minmay_roachtagon, layout_basic
D:4:      layout_rooms, serial_aquarium, aquarium_bridge_square
          [aquarium_subvault_wall, aquarium_subvault_wall,
          aquarium_subvault_window, aquarium_subvault_bridge],
          aquarium_bridge_long_joined [aquarium_subvault_wall,
          aquarium_subvault_bridge, aquarium_subvault_window,
          aquarium_subvault_balcony, aquarium_subvault_bridge,
          aquarium_subvault_window], aquarium_window_1, aquarium_window_1,
          aquarium_window_2, aquarium_view_4, aquarium_view_2d,
          serial_park_tiny_1, uniq_robin, uniq_pikel
D:5:      layout_cave_pods, minmay_temple_entry_wispy, serial_column_ruins,
          column_ruins_open_small, column_ruins_columns_straight,
          column_ruins_grid_1, column_ruins_grid_1,
          nicolae_gozag_zags_fifth_avenue
D:6:      layout_basic, kennysheep_little_box
D:7:      layout_loops_ring, old_standard_altar
D:8:      layout_basic, lemuel_round_altar, basic_altar
D:9:      layout_rooms, nzn_hepliaklqana_mist_gate, lemuel_doored_altar,
          uniq_harold
Temple:   regret_index_temple_waves

Skill      XL: |  1  2  3  4  5  6  7  8  9 10 |
---------------+-------------------------------+-----
Fire Magic     | 4 5 6 7 8 9 |  9.0
Spellcasting   | 4 5 8 10 12 13 | 13.3
Stealth        | 3 4 |  4.1
Conjurations   | 2 3 5 7 8 |  8.2
Dodging        | 3 4 |  4.2
Armour         | 1 2 |  2.3
Fighting       | |  0.9

Action                   |  1- 3 |  4- 6 |  7- 9 | 10-12 || total
-------------------------+-------+-------+-------+-------++-------
Melee: Unarmed           |     2 |       |       |       ||     2
       Dagger            |       |    18 |    89 |    19 ||   126
 Cast: Foxfire           |    84 |   118 |   352 |    99 ||   653
       Fireball          |       |       |     4 |     7 ||    11
       Conjure Flame     |       |       |     1 |     2 ||     3
  Use: Scroll            |       |       |    12 |       ||    12
       Potion            |       |       |     4 |     6 ||    10
Armor: Robe              |     7 |     1 |     1 |       ||     9
       Leather armour    |       |       |    44 |    21 ||    65
       Skin              |       |       |    52 |    19 ||    71
Dodge: Dodged            |    18 |    23 |    91 |    44 ||   176
